 Dungeon Crawl Stone Soup version 0.28.0-43-g3370ac3207 (webtiles) character file.

Game seed: 5093933532455590262

26 nickcage the Firebug (level 2, 0/15 HPs)
             Began as a Deep Elf Fire Elementalist on Mar 14, 2022.
             Killed by divine providence
             ... invoked by an orc priest
              (15 damage)
             ... on level 4 of the Dungeon.
             The game lasted 00:02:08 (1096 turns).

nickcage the Firebug (Deep Elf Fire Elementalist)   Turns: 1096, Time: 00:02:08

Health: 0/15       AC:  2    Str:  5    XL:     2   Next: 89%
Magic:  8/8        EV: 12    Int: 19    God:
Gold:   37         SH:  0    Dex: 15    Spells: 4/7 levels left

rFire   . . .      SeeInvis .   d - +0 hand axe
rCold   . . .      Faith    .   (no shield)
rNeg    . . .      Spirit   .   a - +0 robe
rPois   .          Reflect  .   (no helmet)
rElec   .          Harm     .   (no cloak)
rCorr   .          Rampage  .   (no gloves)
Will    .....                   (no boots)
Stlth   ++........              (no amulet)
HPRegen 0.05/turn               (no ring)
MPRegen 0.11/turn               (no ring)

@: no status effects
A: no striking features
a: no special abilities


You were on level 4 of the Dungeon.
You visited 1 branch of the dungeon, and saw 3 of its levels.

You collected 37 gold pieces.

Inventory:

Hand Weapons
 d - a +0 hand axe (weapon)
Missiles
 k - 2 poisoned darts
Armour
 a - a +0 robe (worn)
Scrolls
 c - a scroll of immolation {unknown}
 g - a scroll of vulnerability {unknown}
 h - 2 scrolls of identify {unknown}
Potions
 b - a potion of invisibility {unknown}
 e - a potion of curing {unknown}
 f - a potion of cancellation {unknown}
 i - a potion of haste {unknown}
 j - a potion of mutation {unknown}
 l - a potion of brilliance {unknown}


   Skills:
 - Level 2.4 Dodging
 - Level 2.4 Stealth
 - Level 3.0 Spellcasting
 - Level 1.1 Conjurations
 + Level 4.6 Fire Magic


You had 4 spell levels left.
You knew the following spells:

 Your Spells              Type           Power      Damage    Failure   Level
a - Foxfire               Conj/Fire      52%        2x1d6     4%          1
b - Scorch                Fire           40%        2d7       3%          2

Your spell library contained the following spells:

 Spells                   Type           Power      Damage    Failure   Level
 Conjure Flame            Conj/Fire      13%        6-21      14%         3
 Inner Flame              Hex/Fire       11%        N/A       19%         3
 Flame Wave               Conj/Fire      13%        2d6       43%         4
 Cause Fear               Hex            1%         N/A       83%         4
 Discord                  Hex            1%         N/A       100%        8


Dungeon Overview and Level Annotations

Branches:
Dungeon (2/15)

Altars:

Annotations:
D:4 Sigmund


Message History

You climb upwards.
There is a stone staircase leading down here.
You start resting.
HP restored.
You start resting.
Magic restored.
You climb downwards.
The dart slug launches a dart at you. The slug dart hits you.
There is a stone staircase leading up here.
Found a scroll labelled QYFOTU ISKUHOO.
You see here an adder corpse.
Flames lash the dart slug.
You kill the dart slug!
You can't see any susceptible monsters within range! (Use Z to cast anyway.) Magic restored.
HP restored.
You see here a dart slug corpse.
h - 2 scrolls labelled QYFOTU ISKUHOO (gained 1)
A rat comes into view.
A rat is nearby!
Found a stone staircase leading down.
The helpless rat fails to defend itself.
You hit the rat.
You kill the rat!
You can't see any susceptible monsters within range! (Use Z to cast anyway.)
A quokka comes into view.
Found a stone staircase leading up.
A sourceless malevolence fills the Dungeon...
You fall into a shaft and drop 2 floors!
The shaft crumbles and collapses.
Sigmund, an orc priest, 4 orcs and an endoplasm come into view.
Sigmund shouts!
The orc shouts!
The orc priest shouts!
The orc shouts! x3
The endoplasm quivers.
You hear a shout!
The orc priest looks encouraged for a moment.
The orc priest mumbles some strange prayers to Beogh against you.
Beogh smites you!
Ouch! That really hurt!
You die...

#+###+#####......
.................
.................
.................
.........o.......
..........oo@....
.........o...#
.......@.o...#
...........J.#
#######......#
#......# #......#
#........
####+##... ...


You could see Sigmund, an orc priest, 4 orcs and an endoplasm.

Vanquished Creatures
  An adder (D:2)
  3 dart slugs
  A hobgoblin (D:1)
  A quokka (D:1)
  A bat (D:2)
  A frilled lizard (D:1)
  2 kobolds (D:1)
  5 rats
15 creatures vanquished.

Vanquished Creatures (others)
  10 foxfires (D:1)
10 creatures vanquished.

Grand Total: 25 creatures vanquished

Notes
Turn   | Place    | Note
-------+----------+-------------------------------------------
     0 | D:1      | nickcage the Deep Elf Fire Elementalist began the quest for
                  | the Orb.
     0 | D:1      | Reached XP level 1. HP: 10/10 MP: 6/6
   473 | D:1      | Reached XP level 2. HP: 15/15 MP: 6/8
   517 | D:1      | Learned a level 2 spell: Scorch
   558 | D:1      | Reached skill level 4 in Fire Magic
   632 | D:1      | Found a faded altar of an unknown god.
  1094 | D:2      | You fall into a shaft and drop 2 floors!
  1094 | D:4      | Noticed Sigmund
  1096 | D:4      | Killed from afar by an orc priest

Illustrated notes

Levels and vault maps discovered:
D:1:      scummos_arrival_simple_crosswalls, layout_loops_ring,
          basic_ecumenical_altar, minivault_4
D:2:      layout_basic
D:4:      layout_gridville, nzn_wu_jian_council_hall, serial_shops,
          nicolae_square_shop, bh_walls_and_bars, uniq_grinder, uniq_sigmund

Skill      XL: |  1  2 |
---------------+-------+-----
Fire Magic     | 4 |  4.6
Dodging        | |  2.4
Stealth        | |  2.4
Spellcasting   | |  3.0
Conjurations   | |  1.1

Action                   || total
-------------------------++-------
Melee: Hand axe          ||    11
 Cast: Foxfire           ||    10
       Scorch            ||     8
 Stab: Sleeping          ||     3
Armor: Robe              ||     3
Dodge: Dodged            ||    14
